 Dungeon Crawl Stone Soup version 0.23.1 (webtiles) character file.

Game seed: 0

98833 ohad the Black Belt (level 15, 0/135 HPs)
             Began as a Demonspawn Transmuter on Mar 3, 2019.
             Was the Champion of Okawaru.
             Slain by an eight-headed hydra (1 damage)
             ... on level 1 of the Swamp on Mar 4, 2019.
             The game lasted 01:54:38 (28870 turns).

ohad the Black Belt (Demonspawn Transmuter)        Turns: 28870, Time: 01:54:39

Health: 0/135      AC: 10    Str: 16    XL:     15   Next: 76%
Magic:  20/25      EV: 19    Int: 20    God:    Okawaru [******]
Gold:   1878       SH:  0    Dex: 14    Spells: 14/28 levels left

rFire    x . .     SeeInvis .     - Unarmed
rCold    + + +     Gourm    .   (shield currently unavailable)
rNeg     . . .     Faith    .   (armour currently unavailable)
rPois    +         Spirit   .   (helmet currently unavailable)
rElec    .         Reflect  .   (cloak currently unavailable)
rCorr    .         Harm     .   (gloves unavailable)
MR       +....                  (boots currently unavailable)
Stlth    +++.......             h - amulet of rage
HPRegen  0.32/turn              P - ring "Hero's Friend" {rC+ AC+3}
MPRegen  0.19/turn              X - ring of wizardry

@: mighty, ice-form, heroism
A: large, powered by pain 2, freezing cloud immunity
a: End Transformation, Heroism, Finesse, Renounce Religion, Evoke Berserk Rage


You were on level 1 of the Swamp.
You worshipped Okawaru.
Okawaru was exalted by your worship.
You were not hungry.
You were a creature of crystalline ice.
You visited 5 branches of the dungeon, and saw 25 of its levels.
You also visited: Bailey and Ice Cave.

You collected 2776 gold pieces.
You spent 898 gold pieces at shops.

Inventory:

Hand Weapons
 r - a +0 scimitar of flaming
 H - a +3 dagger of distortion
Missiles
 a - 718 arrows
Armour
 b - a +1 cloak of cold resistance (melded)
 e - a +2 buckler of protection
 l - the +4 scale mail of Conscience {Int+6}
   (You found it on level 6 of the Lair of Beasts)

   It affects your intelligence (+6).
 s - the +1 scale mail of Iwifuxyv {rElec rCorr}
   (Okawaru gifted it to you on level 14 of the Dungeon)

   It insulates you from electricity.
   It provides partial protection from all sources of acid and corrosion.
 B - a +0 shield
 F - a +1 troll leather armour {Snorg}
 G - the +1 pair of boots of Yfimotoal (melded) {rPois Regen+}
   (You found it on level 3 of the Lair of Beasts)

   It protects you from poison.
   It increases your rate of regeneration.
 S - +0 pearl dragon scales (melded)
 Y - a +2 pair of boots of flying
Jewellery
 h - an amulet of rage (around neck)
 j - an uncursed ring of positive energy
 p - an uncursed ring of flight
 y - the ring of Mistrust {+Inv rPois EV+1}
   (You found it on level 3 of the Lair of Beasts)

   [ring of evasion]

   It affects your evasion (+1).
   It protects you from poison.
   It lets you turn invisible.
 A - an uncursed ring of stealth
 E - a +3 ring of protection
 J - an uncursed ring of see invisible
 K - an uncursed ring of fire
 N - an uncursed amulet of magic regeneration
 P - the ring "Hero's Friend" (left front paw) {rC+ AC+3}
   (You found it on level 8 of the Dungeon)

   [ring of protection]

   It affects your AC (+3).
   It protects you from cold.
 Q - a +6 ring of intelligence
 T - the amulet of Birdsong {Acrobat Str+3}
   (You acquired it on level 3 of the Lair of Beasts)

   [amulet of the acrobat]

   It helps you evade while moving and waiting.
   It affects your strength (+3).
 X - a ring of wizardry (right front paw)
Wands
 L - a wand of digging (5)
Scrolls
 f - 13 scrolls of remove curse
 i - 2 scrolls of fear
 q - a scroll of holy word {unknown}
 t - 4 scrolls of magic mapping
 v - 11 scrolls of teleportation
 w - 5 scrolls of enchant armour
 x - 2 scrolls of fog
 D - 3 scrolls of immolation
 I - 5 scrolls of blinking
 M - a scroll of silence {unknown}
Potions
 c - 2 potions of might
 k - 2 potions of resistance
 o - 5 potions of haste
 u - 2 potions of flight
 z - 13 potions of curing
 C - 6 potions of heal wounds
 R - a potion of magic
 U - a potion of cancellation
 V - 2 potions of agility
 W - 3 potions of invisibility
 Z - a potion of berserk rage
Miscellaneous
 n - a phial of floods
Comestibles
 d - 32 rations


   Skills:
 - Level 9.1(14.1) Fighting
 + Level 9.8(14.8) Armour
 - Level 9.3(14.3) Dodging
 - Level 15.5(20.5) Unarmed Combat
 - Level 7.0 Spellcasting
 * Level 10.8 Transmutations
 - Level 2.7 Ice Magic
 - Level 6.4 Invocations
 - Level 5.2 Evocations


You had 14 spell levels left.
You knew the following spells:

 Your Spells              Type           Power        Failure   Level  Hunger
b - Sticks to Snakes      Tmut           ######..     1%          2    None
c - Spider Form           Tmut/Pois      ####......   1%          3    #......
d - Ice Form              Ice/Tmut       ####....     2%          4    ###....
e - Blade Hands           Tmut           ######....   1%          5    #####..

Your spell library contained the following spells:

 Spells                   Type           Power        Failure   Level  Hunger
 Beastly Appendage        Tmut           ######       1%          1    None
 Passwall                 Tmut/Erth      ####....     1%          2    None
 Corona                   Hex            #......      4%          1    None
 Magic Dart               Conj           #...         4%          1    None
 Summon Small Mammal      Summ           #...         4%          1    None
 Blink                    Tloc           N/A          6%          2    None
 Call Imp                 Summ           #.......     6%          2    None
 Corpse Rot               Necr           N/A          6%          2    None
 Slow                     Hex            #.......     6%          2    None
 Sublimation of Blood     Necr           #.........   6%          2    None
 Swiftness                Chrm/Air       #.......     6%          2    None
 Call Canine Familiar     Summ           #.......     12%         3    #......
 Conjure Flame            Conj/Fire      #.......     12%         3    #......
 Inner Flame              Hex/Fire       #.......     12%         3    #......
 Mephitic Cloud           Conj/Pois/Air  #.......     12%         3    #......
 Portal Projectile        Hex/Tloc       #.....       12%         3    #......
 Recall                   Summ/Tloc      N/A          12%         3    #......
 Summon Guardian Golem    Hex/Summ       #.......     12%         3    #......
 Summon Ice Beast         Ice/Summ       ##......     21%         4    ###....
 Animate Dead             Necr           N/A          34%         4    ###....
 Cause Fear               Hex            #.........   34%         4    ###....
 Leda's Liquefaction      Hex/Erth       #.........   34%         4    ###....
 Passage of Golubria      Tloc           N/A          34%         4    ###....
 Summon Lightning Spire   Summ/Air       #.......     34%         4    ###....
 Metabolic Englaciation   Hex/Ice        ##........   50%         5    #####..
 Agony                    Necr           #.......     67%         5    #####..
 Bolt of Draining         Conj/Necr      #.........   67%         5    #####..
 Borgnjor's Vile Clutch   Necr/Erth      #.........   67%         5    #####..
 Dispel Undead            Necr           #.......     67%         5    #####..
 Excruciating Wounds      Chrm/Necr      #.........   67%         5    #####..
 Lee's Rapid Deconstruct  Erth           #.........   67%         5    #####..
 Summon Forest            Summ/Tloc      #.........   67%         5    #####..
 Simulacrum               Ice/Necr       ##........   96%         6    ######.
 Freezing Cloud           Conj/Ice/Air   ##........   98%         6    ######.
 Darkness                 Hex            #.........   99%         6    ######.
 Death Channel            Necr           #.........   99%         6    ######.
 Invisibility             Hex            #.......     99%         6    ######.


Dungeon Overview and Level Annotations

Branches:
Dungeon (15/15)            Temple (1/1) D:4            Lair (6/6) D:11
  Swamp (1/4) Lair:4       Spider (0/4) Lair:3        Slime (0/5) Lair:6
    Orc (2/2) D:10            Elf (0/3) Orc:2        Vaults (0/5) D:13
 Depths (0/5) D:15

Altars:
Ashenzari
Cheibriados
Dithmenos
Elyvilon
Fedhas
Gozag
Hepliaklqana
Kikubaaqudgha
Makhleb
Nemelex Xobeh
Okawaru
Qazlal
Ru
Sif Muna
Trog
Uskayaw
Vehumet
Wu Jian
Xom
Yredelemnul
Zin
The Shining One

Shops:
D:8 ((   D:11 :!%!=   D:15 ?[   Orc:2 *==[

Annotations:
D:6 1 transporter


Innate Abilities, Weirdness & Mutations

((You have claws for hands.))
((Your flesh is cold resistant. (rC+)))
You sometimes gain power by taking damage.
You are immune to freezing clouds.
((When seriously injured, your bleeding wounds create very thick armour. (AC +0)))


Message History

Unknown command.
You punch the eight-headed hydra!
The eight-headed hydra seems to slow down.
You freeze the eight-headed hydra.
The eight-headed hydra is lightly wounded.
Unknown command.
You pummel the eight-headed hydra!! You freeze the eight-headed hydra.
The eight-headed hydra is severely wounded.
The eight-headed hydra bites you.
* * * LOW HITPOINT WARNING * * *
The eight-headed hydra bites you but does no damage.
The eight-headed hydra completely misses you.
The eight-headed hydra closely misses you.
The eight-headed hydra bites you!
* * * LOW HITPOINT WARNING * * *
The eight-headed hydra closely misses you.
The eight-headed hydra bites you!
* * * LOW HITPOINT WARNING * * *
The eight-headed hydra bites you.
You die...

.#### ♣..♣
##...##...≈♣
##.....#....♣♣
#...≈≈./.≈.≈.♣
#...≈..♣≈...♣
##...†....♣
##..).♣♣♣♣.♣
##♣.♣D♣ .♣
♣♣♣Y♣♣♣.♣ ♣.≈≈≈≈♣
♣.≈≈≈.♣ ♣.≈≈≈≈♣
..♣ . ♣..≈≈≈♣♣ ≈.♣
≈. ♣♣.≈♣..♣ ≈.♣.≈.
♣.♣≈≈.♣ ♣♣..♣...
♣≈..≈.♣♣♣♣..>.≈.≈
♣♣.≈<≈≈≈♣♣.≈.≈...≈


You could see an eight-headed hydra.

Vanquished Creatures
  A stone giant (Orc:1)
  Azrael (D:14)
  A dire elephant (Lair:6)
  Snorg (D:11)
  An ogre mage (D:15)
  A rakshasa (D:15)
  A vault guard (D:13)
  10 hydras
  A merfolk avatar (Lair:6)
  4 centaur warriors
  3 death yaks (Lair:6)
  2 shambling mangroves (Swamp:1)
  4 two-headed ogres
  2 alligators
  Nergalle (D:11)
  3 orc high priests (Orc:2)
  A sea snake (Lair:6)
  5 unseen horrors
  Pikel (D:8)
  A harpy (Lair:6)
  A deep elf archer (D:13)
  A necromancer (IceCv)
  4 orc knights (Orc:2)
  5 orc sorcerers (Orc:2)
  4 oklob plants (Lair:6)
  8 ugly things
  3 manticores
  A wolf spider (D:15)
  A deep elf mage (D:10)
  6 cyclopes
  8 elephants
  A salamander (D:15)
  A centaur zombie (D:13)
  A black mamba (shapeshifter) (D:15)
  6 black mambas
  Maurice (D:11)
  An ice statue (IceCv)
  A gargoyle (D:15)
  4 torpor snails
  Psyche (D:12)
  18 spiny frogs
  2 kobold demonologists (D:13)
  9 komodo dragons
  5 rime drakes
  10 freezing wraiths (IceCv)
  5 trolls
  8 hornets
  A queen bee (shapeshifter) (D:14)
  3 tyrant leeches (Swamp:1)
  A wind drake (Lair:6)
  15 blink frogs
  5 polar bears
  A bog body (Lair:4)
  14 dream sheep
  13 hippogriffs
  Sigmund (D:2)
  A shadow (D:15)
  A redback (shapeshifter) (D:15)
  3 spriggans
  2 vampires
  10 wyverns
  16 yaks
  3 fire elementals (D:14)
  2 hungry ghosts
  A steam dragon (D:14)
  6 basilisks
  4 vampire mosquitoes (Swamp:1)
  A warg (Orc:1)
  An acid dragon (D:12)
  10 water moccasins
  11 porcupines
  4 hell hounds (D:14)
  A hornet zombie (D:12)
  17 orc warriors
  2 sky beasts
  A swamp drake (Swamp:1)
  10 ice beasts
  3 slaves (D:8)
  2 eyes of draining
  2 black bears
  16 ogres
  20 centaurs
  A wolf (Lair:1)
  13 crocodiles
  3 big kobolds
  10 bullfrogs
  A wyvern zombie (D:13)
  A water moccasin zombie (D:7)
  5 scorpions
  A water moccasin skeleton (D:10)
  2 swamp dragon simulacra (IceCv)
  16 wights
  An electric eel (Lair:4)
  3 howler monkeys
  9 crimson imps
  2 quasits
  2 bullfrog zombies
  2 draconian simulacra (IceCv)
  9 hounds
  8 jellies
  12 orc priests
  20 orc wizards
  7 centaur skeletons
  3 iguanas
  Crazy Yiuf (D:6)
  Jessica (D:2)
  3 bullfrog skeletons
  9 worker ants
  Terence (D:2)
  4 spriggan simulacra (IceCv)
  4 troll simulacra (IceCv)
  2 wolf simulacra (IceCv)
  2 killer bee zombies (D:10)
  5 centaur simulacra (IceCv)
  A hound skeleton (D:5)
  A worker ant zombie (D:7)
  10 gnolls
  4 naga simulacra (IceCv)
  9 adders
  An ogre simulacrum (IceCv)
  2 shadow imps
  24 white imps
  An adder zombie (D:8)
  3 oozes
  6 worms
  2 dart slugs (D:3)
  7 leopard geckos
  58 orcs
  4 giant cockroaches
  7 goblins
  5 hobgoblins
  21 jackals
  26 kobolds
  4 quokkas
  A ball python (D:3)
  2 bats
  2 frilled lizards
  A jackal skeleton (D:4)
  A leopard gecko skeleton (D:6)
  11 rats
742 creatures vanquished.

Vanquished Creatures (collateral kills)
  An ugly thing (D:10)
  A manticore (Lair:6)
  8 dream sheep
  An ogre (D:4)
  An adder (D:3)
  An ooze (D:2)
13 creatures vanquished.

Vanquished Creatures (others)
  A komodo dragon (Lair:6)
  A blink frog (Lair:6)
  A dream sheep (Lair:6)
  A yak (Lair:6)
  An orc wizard (Orc:2)
  An orc (Orc:2)
  10 fungi
  20 plants (Lair:6)
36 creatures vanquished.

Grand Total: 791 creatures vanquished

Notes
Turn   | Place    | Note
-------+----------+-------------------------------------------
     0 | D:1      | ohad the Demonspawn Transmuter began the quest for the Orb.
     0 | D:1      | Reached XP level 1. HP: 15/15 MP: 3/3
   153 | D:1      | Reached skill level 3 in Unarmed Combat
   186 | D:1      | Gained mutation: When seriously injured, your bleeding
                  | wounds create armour. (AC +0) [demonic ancestry]
   186 | D:1      | Reached XP level 2. HP: 21/21 MP: 3/5
   782 | D:2      | Learned a level 2 spell: Sticks to Snakes
   815 | D:2      | Noticed Sigmund
  1201 | D:2      | Gained mutation: When seriously injured, your bleeding
                  | wounds create thick armour. (AC +0) [demonic ancestry]
  1201 | D:2      | Reached XP level 3. HP: 26/26 MP: 3/6
  1620 | D:2      | Found a glowing silver altar of Zin.
  1654 | D:2      | Noticed Jessica
  1661 | D:2      | Killed Jessica
  1672 | D:2      | Learned a level 3 spell: Spider Form
  1820 | D:2      | Found a burning altar of Makhleb.
  1820 | D:2      | Found a snail-covered altar of Cheibriados.
  1822 | D:2      | Found a sacrificial altar of Ru.
  1822 | D:2      | Found a hazy altar of Hepliaklqana.
  1822 | D:2      | Found a shimmering altar of Xom.
  1898 | D:2      | Noticed Terence
  1906 | D:2      | Killed Terence
  1906 | D:2      | Gained mutation: You have sharp fingernails. [demonic
                  | ancestry]
  1906 | D:2      | Reached XP level 4. HP: 23/32 MP: 3/7
  2037 | D:3      | Found a sparkling altar of Nemelex Xobeh.
  2122 | D:3      | Noticed a bullfrog
  2130 | D:3      | Killed a bullfrog
  2130 | D:3      | Reached skill level 4 in Unarmed Combat
  2130 | D:3      | Gained mutation: You have very sharp fingernails. [demonic
                  | ancestry]
  2130 | D:3      | Reached XP level 5. HP: 32/37 MP: 2/8
  2406 | D:3      | Found an ancient bone altar of Kikubaaqudgha.
  3132 | D:4      | Noticed an ogre
  3230 | D:4      | Noticed an ogre
  3248 | D:3      | Killed an ogre
  3248 | D:3      | Reached skill level 5 in Unarmed Combat
  3248 | D:3      | Reached XP level 6. HP: 43/43 MP: 0/10
  3438 | D:4      | Learned a level 4 spell: Ice Form
  3560 | D:4      | Reached skill level 1 in Ice Magic
  3796 | D:4      | Noticed a moth of wrath
  3798 | D:4      | Found a bloodstained altar of Trog.
  3892 | D:4      | Found a shadowy altar of Dithmenos.
  3999 | D:4      | Found a staircase to the Ecumenical Temple.
  4047 | Temple   | Entered the Ecumenical Temple
  4146 | D:4      | Found an iron altar of Okawaru.
  4149 | D:4      | Became a worshipper of Warmaster Okawaru
  4421 | D:2      | Killed Sigmund
  4421 | D:2      | Reached skill level 6 in Unarmed Combat
  4421 | D:2      | Reached XP level 7. HP: 39/48 MP: 6/11
  4519 | D:5      | Entered Level 5 of the Dungeon
  4561 | D:5      | Reached * piety under Okawaru
  4708 | D:5      | Found a stormy altar of Qazlal.
  5151 | D:5      | Found a radiant altar of Vehumet.
  5190 | D:5      | Reached skill level 7 in Unarmed Combat
  5478 | D:6      | Reached skill level 1 in Invocations
  5478 | D:6      | Gained mutation: You sometimes gain a little power by
                  | taking damage. [demonic ancestry]
  5478 | D:6      | Reached XP level 8. HP: 54/54 MP: 5/12
  5479 | D:6      | Found a sacrificial altar of Ru.
  5535 | D:6      | Found a runed translucent door.
  5537 | D:6      | Noticed Crazy Yiuf
  5541 | D:6      | Killed Crazy Yiuf
  5641 | D:6      | Found a transporter.
  6530 | D:7      | Reached ** piety under Okawaru
  6536 | D:7      | Found a flagged portal.
  6642 | Bailey   | Entered a bailey
  6659 | Bailey   | Noticed an orc warlord
  7140 | Bailey   | Found a runed translucent gate.
  7141 | Bailey   | Found a runed translucent gate.
  7142 | Bailey   | Found a runed translucent gate.
  7316 | D:7      | Gained mutation: Your flesh is cold resistant. (rC+)
                  | [demonic ancestry]
  7316 | D:7      | Reached XP level 9. HP: 61/65 MP: 10/14
  7940 | D:7      | Reached *** piety under Okawaru
  8103 | D:7      | Found a sacrificial altar of Ru.
  8161 | D:8      | Reached skill level 5 in Fighting
  8242 | D:8      | Found Muvun's Antique Weapon Boutique.
  8280 | D:8      | Noticed a two-headed ogre
  8281 | D:8      | Noticed a two-headed ogre
  8289 | D:8      | Killed a two-headed ogre
  8289 | D:8      | Reached skill level 5 in Dodging
  8292 | D:8      | Killed a two-headed ogre
  8292 | D:8      | Reached XP level 10. HP: 32/79 MP: 15/15
  8656 | D:8      | Noticed Pikel
  8679 | D:8      | Killed Pikel
  8679 | D:8      | Reached **** piety under Okawaru
  8708 | D:8      | Got a crude lead ring
  8721 | D:8      | Identified the ring "Hero's Friend" {rC+ AC+3} (You found
                  | it on level 8 of the Dungeon)
  8796 | D:8      | Found Vaozyck's Weapon Shoppe.
  8961 | D:8      | Learned a level 5 spell: Blade Hands
  9010 | D:9      | Reached skill level 5 in Transmutations
  9037 | D:9      | Found a basalt altar of Yredelemnul.
  9047 | D:9      | Found a deep blue altar of Sif Muna.
  9246 | D:9      | Found an ornate altar of the Wu Jian Council.
  9337 | D:9      | Found a burning altar of Makhleb.
  9425 | D:10     | Entered Level 10 of the Dungeon
  9601 | D:10     | Noticed a deep elf mage
  9606 | D:10     | Noticed a smoke demon
  9608 | D:10     | Killed a deep elf mage
  9670 | D:10     | Found a staircase to the Orcish Mines.
 10132 | D:10     | Reached skill level 5 in Spellcasting
 10152 | D:10     | Reached ***** piety under Okawaru
 10152 | D:10     | Reached skill level 8 in Unarmed Combat
 10389 | D:10     | Reached XP level 11. HP: 69/84 MP: 13/18
 10783 | D:10     | Noticed a white ugly thing
 10783 | D:10     | Noticed a red ugly thing
 10794 | D:10     | Killed a red ugly thing
 11096 | D:10     | Killed a white ugly thing
 11096 | D:10     | Reached skill level 9 in Unarmed Combat
 11129 | D:10     | Found a deep blue altar of Sif Muna.
 11331 | D:10     | Killed an unseen horror
 11334 | D:10     | Killed an unseen horror
 11952 | D:11     | Noticed Snorg
 11958 | D:11     | Killed Snorg
 12220 | D:11     | Noticed Nergalle
 12240 | D:11     | Killed Nergalle
 12240 | D:11     | Reached skill level 10 in Unarmed Combat
 12440 | D:11     | Found Mumir's Book Emporium.
 12487 | D:11     | Found Puvveoz's Distillery.
 12488 | D:11     | Found Davin's Food Shoppe.
 12495 | D:11     | Bought a potion of haste for 140 gold pieces
 12495 | D:11     | Bought a potion of agility for 56 gold pieces
 12495 | D:11     | Bought 2 potions of invisibility for 224 gold pieces
 12495 | D:11     | Bought a potion of agility for 56 gold pieces
 12495 | D:11     | Bought a potion of curing for 42 gold pieces
 12495 | D:11     | Bought a potion of curing for 42 gold pieces
 12977 | D:11     | Found a staircase to the Lair.
 13023 | D:11     | Identified a scroll of acquirement
 13112 | D:11     | Noticed a white ugly thing
 13123 | D:11     | Killed a white ugly thing
 13123 | D:11     | Reached ****** piety under Okawaru
 13291 | D:11     | Found Nulah's Jewellery Boutique.
 13327 | D:11     | Noticed Maurice
 13357 | D:11     | Killed Maurice
 13467 | D:11     | Found Vagh's Distillery.
 13492 | D:11     | Bought a potion of agility for 48 gold pieces
 13492 | D:11     | Bought a potion of heal wounds for 60 gold pieces
 13492 | D:11     | Bought a potion of curing for 36 gold pieces
 13492 | D:11     | Bought a potion of curing for 36 gold pieces
 13690 | D:12     | Received a gift from Okawaru
 13776 | D:12     | Reached skill level 11 in Unarmed Combat
 13786 | D:12     | Killed an unseen horror
 13786 | D:12     | Gained mutation: When seriously injured, your bleeding
                  | wounds create very thick armour. (AC +0) [demonic ancestry]
 13786 | D:12     | Reached XP level 12. HP: 66/91 MP: 17/21
 13792 | D:12     | Noticed Psyche
 13802 | D:12     | Killed Psyche
 14220 | D:12     | Reached skill level 1 in Evocations
 14803 | Lair:1   | Entered Level 1 of the Lair of Beasts
 14812 | Lair:1   | Reached skill level 5 in Invocations
 14859 | Lair:1   | Noticed a five-headed hydra
 14868 | Lair:1   | Killed a five-headed hydra
 15324 | Lair:1   | Received a gift from Okawaru
 15611 | Lair:1   | Reached skill level 5 in Evocations
 16258 | Lair:2   | Found a snail-covered altar of Cheibriados.
 16573 | Lair:2   | Reached skill level 12 in Unarmed Combat
 17000 | Lair:2   | Received a gift from Okawaru
 17000 | Lair:2   | Reached skill level 13 in Unarmed Combat
 17000 | Lair:2   | Gained mutation: You sometimes gain power by taking damage.
                  | [demonic ancestry]
 17000 | Lair:2   | Reached XP level 13. HP: 89/98 MP: 17/22
 17414 | Lair:3   | Got a flickering bronze amulet
 17416 | Lair:3   | Identified the amulet of Birdsong {Acrobat Str+3} (You
                  | acquired it on level 3 of the Lair of Beasts)
 17664 | Lair:3   | Got a pair of jewelled boots
 17675 | Lair:3   | Identified the +1 pair of boots of Yfimotoal {rPois Regen+}
                  | (You found it on level 3 of the Lair of Beasts)
 17716 | Lair:3   | Got a faintly glowing bone ring
 17718 | Lair:3   | Identified the ring of Mistrust {+Inv rPois EV+1} (You
                  | found it on level 3 of the Lair of Beasts)
 17764 | Lair:3   | Found a runed translucent door.
 17774 | Lair:3   | Found a hole to the Spider Nest.
 17910 | Lair:3   | Found a radiant altar of Vehumet.
 18705 | D:13     | Found a frozen archway.
 18716 | IceCv    | Entered an ice cave
 18947 | IceCv    | Received a gift from Okawaru
 19000 | IceCv    | Found an ancient bone altar of Kikubaaqudgha.
 19619 | D:13     | Found a gate to the Vaults.
 19793 | D:13     | Identified the +3 trident "Ycrid" {flame, MR+ Int+3 Stlth+}
 20413 | D:14     | Reached skill level 1 in Armour
 20746 | D:14     | Received a gift from Okawaru
 20764 | D:14     | Noticed Azrael
 20777 | D:14     | Killed Azrael
 20777 | D:14     | Gained mutation: You have claws for hands. [demonic
                  | ancestry]
 20777 | D:14     | Reached XP level 14. HP: 63/108 MP: 15/23
 20787 | D:14     | Got a smoking scale mail {god gift}
 21023 | D:15     | Entered Level 15 of the Dungeon
 21148 | D:15     | Reached skill level 10 in Transmutations
 21169 | D:15     | Found Jillag's Magic Scroll Shop.
 21292 | D:15     | Bought a scroll of identify for 34 gold pieces
 21292 | D:15     | Bought a scroll of identify for 34 gold pieces
 21349 | D:15     | Found Kyatour's Antique Armour Emporium.
 21470 | D:15     | Reached skill level 5 in Armour
 21656 | D:15     | Found Duituxt's Gadget Boutique.
 21722 | D:15     | Found a staircase to the Depths.
 22177 | Orc:1    | Entered Level 1 of the Orcish Mines
 22346 | Orc:1    | Noticed a stone giant
 22366 | Orc:1    | Killed a stone giant
 22625 | Orc:2    | Entered Level 2 of the Orcish Mines
 22778 | Orc:2    | Received a gift from Okawaru
 22903 | Orc:2    | Found a staircase to the Elven Halls.
 24126 | Orc:2    | Found Leclixke's Armour Shoppe.
 24126 | Orc:2    | Found Hipapurch's Assorted Antiques.
 24144 | Orc:2    | Found Ytoubif's Jewellery Shoppe.
 24144 | Orc:2    | Found Inoxt's Jewellery Shop.
 24155 | Orc:2    | Bought a scroll of identify for 60 gold pieces
 24155 | Orc:2    | Bought a scroll labeled BASTRE PEROCVIWN for 30 gold pieces
 24176 | Orc:2    | Identified the +1 scale mail of Iwifuxyv {rElec rCorr}
                  | (Okawaru gifted it to you on level 14 of the Dungeon)
 24635 | Lair:4   | Found a staircase to the Swamp.
 25624 | Lair:5   | Got a sparkling steel ring
 25626 | Lair:5   | Identified the ring "Jupnu" {rCorr rC- rN+ Str+6} (You
                  | acquired it on level 5 of the Lair of Beasts)
 25808 | Lair:5   | Gained mutation: You are immune to freezing clouds.
                  | [demonic ancestry]
 25808 | Lair:5   | Reached XP level 15. HP: 100/113 MP: 16/24
 25813 | Lair:5   | Received a gift from Okawaru
 25814 | Lair:5   | Found the +5 robe of Misfortune {*Contam Harm *Corrode
                  | *Drain *Slow EV+5}
 26230 | Lair:6   | Entered Level 6 of the Lair of Beasts
 26296 | Lair:6   | Reached skill level 14 in Unarmed Combat
 26429 | Lair:6   | Identified the Compendium of Instinct
 26554 | Lair:6   | Found a staircase to the Slime Pits.
 27095 | Lair:6   | Reached skill level 15 in Unarmed Combat
 27385 | Lair:6   | Received a gift from Okawaru
 27624 | Lair:6   | Got a translucent scale mail
 28168 | Swamp:1  | Entered Level 1 of the Swamp
 28404 | Lair:4   | Identified the +4 scale mail of Conscience {Int+6} (You
                  | found it on level 6 of the Lair of Beasts)
 28870 | Swamp:1  | HP: 1/135 [eight-headed hydra (13)]
 28870 | Swamp:1  | Slain by an eight-headed hydra

Skill      XL: |  1  2  3  4  5  6  7  8  9 10 11 12 13 14 15 |
---------------+----------------------------------------------+-----
Transmutations | 2 3 4 7 9 10 | 10.8
Unarmed Combat | 3 4 5 6 7 8 11 13 15 | 15.5
Spellcasting   | 3 5 6 7 |  7.0
Ice Magic      | 2 |  2.7
Invocations    | 1 4 6 |  6.4
Fighting       | 3 7 9 |  9.1
Dodging        | 3 6 7 9 |  9.3
Evocations     | 5 |  5.2
Armour         | 2 9 |  9.8

Action                   |  1- 3 |  4- 6 |  7- 9 | 10-12 | 13-15 || total
-------------------------+-------+-------+-------+-------+-------++-------
Melee: Unarmed           |    87 |   132 |   335 |   684 |  1269 ||  2507
       Kick              |     8 |       |       |       |       ||     8
       Headbutt          |     2 |     2 |     1 |       |       ||     5
       Punch             |     1 |     1 |     2 |    21 |    49 ||    74
 Cast: Beastly Appendage |    14 |     5 |     2 |       |       ||    21
       Sticks to Snakes  |     3 |     8 |     3 |     7 |     9 ||    30
       Spider Form       |     2 |     7 |     5 |       |       ||    14
       Ice Form          |       |       |    17 |    27 |    13 ||    57
       Blade Hands       |       |       |       |    19 |    60 ||    79
Invok: Heroism           |       |       |     1 |    11 |    17 ||    29
       Finesse           |       |       |       |       |     1 ||     1
 Abil: End Transformatio |       |       |       |       |     4 ||     4
  Use: Scroll            |       |       |     9 |     9 |    17 ||    35
       Potion            |       |       |       |     7 |     3 ||    10
 Stab: Sleeping          |       |     2 |       |     1 |     1 ||     4
       Invisible         |       |       |       |       |     6 ||     6
  Eat: Chunk             |     4 |     8 |    18 |    31 |    46 ||   107
       Ration            |       |       |     1 |     2 |     4 ||     7
Armor: Robe              |    10 |    14 |    50 |    25 |       ||    99
       Skin              |       |     3 |    43 |    97 |    44 ||   187
       Troll leather arm |       |       |       |    80 |    92 ||   172
       Pearl dragon scal |       |       |       |       |   471 ||   471
Dodge: Dodged            |    55 |    72 |   226 |   503 |   864 ||  1720
Block: Other             |       |       |       |    23 |       ||    23
       Reflection        |       |       |       |     1 |       ||     1
